 Dungeon Crawl Stone Soup version 0.21-b1-23-g1fb0a74c36 (webtiles) character file.

12975 RKaid the Disciple of Destruction (level 11, -1/99 HPs)
             Began as a Deep Dwarf Ice Elementalist on Jan 6, 2018.
             Was a Follower of Makhleb.
             Slain by a death yak (23 damage)
             ... on level 3 of the Lair of Beasts.
             The game lasted 01:21:44 (24104 turns).

RKaid the Disciple of Destruction (DDIE)           Turns: 24104, Time: 01:21:45

Health: -1/99      AC: 13    Str: 12    XL:     11   Next: 69%
Magic:  1/1        EV: 11    Int: 19    God:    Makhleb [*.....]
Gold:   903        SH:  4    Dex: 13    Spells: 12/24 levels left

rFire    + . .     SeeInvis .   a - +3 spear (freeze)
rCold    . . .     Gourm    .   P - +0 buckler
rNeg     . . .     Faith    .   R - +0 scale mail {rF+}
rPois    +         Spirit   .   l - +1 helmet
rElec    .         Reflect  .   k - +0 cloak
rCorr    .         Harm     .   B - +2 pair of gloves
MR       +....                  m - +0 pair of boots
Stlth    +.........             (no amulet)
HPRegen  0.00/turn              g - ring of poison resistance {rPois}
MPRegen  0.07/turn              O - ring of wizardry {Wiz+}

@: non-regenerating
A: damage resistance, heal wounds, sense surroundings 2, no regeneration
a: Heal Wounds, Renounce Religion


You were on level 3 of the Lair of Beasts.
You worshipped Makhleb.
Makhleb was aware of your devotion.
You were hungry.

You visited 3 branches of the dungeon, and saw 14 of its levels.
You also visited: Ossuary.

You collected 903 gold pieces.

Inventory:

Hand Weapons
 a - a +3 spear of freezing (weapon)
   (You took it off a wight on level 5 of the Dungeon)
 q - a +1 hunting sling
   (You found it on level 1 of the Dungeon)
 w - a +1 dagger of venom
   (You took it off an orc wizard on level 3 of the Dungeon)
 z - a +1 short sword of electrocution
   (You took it off a kobold on level 8 of the Dungeon)
 L - the +3 battleaxe of Termination {flame, Str+4}
   (You found it on level 1 of the Lair of Beasts)

   It has been specially enchanted to burn those struck by it, causing extra
   injury to most foes and up to half again as much damage against particularly
   susceptible opponents.
   Big, fiery blades are also staple armaments of hydra-hunters.
   It affects your strength (+4).
Missiles
 s - 198 stones (quivered)
 v - 35 sling bullets
Armour
 k - a +0 cloak (worn)
   (You found it on level 8 of the Dungeon)
 l - a +1 helmet (worn)
   (You found it on level 3 of the Dungeon)
 m - a +0 pair of boots (worn)
   (You found it on level 4 of the Dungeon)
 n - a +0 robe
   (You took it off an orc wizard on level 3 of the Dungeon)
 B - a +2 pair of gloves (worn)
   (You found it on level 6 of the Dungeon)
 P - a +0 buckler (worn)
   (You found it on level 1 of the Lair of Beasts)
 R - a +0 scale mail of fire resistance (worn)
   (You took it off an orc on level 8 of the Dungeon)
Magical Staves
 b - an uncursed staff of cold {rC+}
   (You found it on level 6 of the Dungeon)
 G - an uncursed staff of wizardry {wiz+, !a}
   (You found it on level 1 of the Lair of Beasts)
Jewellery
 g - a ring of poison resistance (left hand) {rPois}
   (You found it on level 1 of the Dungeon)
 M - an uncursed ring of flight {+Fly}
   (You found it on level 3 of the Lair of Beasts)
 O - a ring of wizardry (right hand) {Wiz+}
   (You found it on level 4 of the Lair of Beasts)
Wands
 h - a wand of iceblast (9)
   (You found it on level 6 of the Dungeon)
 p - a wand of disintegration (3)
   (You found it on level 8 of the Dungeon)
 u - a wand of enslavement (26)
   (You took it off an orc on level 5 of the Dungeon)
 N - a wand of random effects (29)
   (You found it on level 3 of the Lair of Beasts)
Scrolls
 i - 2 scrolls of identify
 o - 3 scrolls of remove curse
 t - 4 scrolls of teleportation
 y - a scroll of enchant weapon
 E - 4 scrolls of amnesia
 H - a scroll of fear
Potions
 c - 8 potions of curing
 d - a potion of berserk rage {!q}
 j - 2 potions of lignification {!q}
 r - a potion of invisibility
 x - 2 potions of might
 C - 3 potions of flight
 D - 2 potions of mutation {!q!q}
 F - a potion of resistance
 I - 2 potions of agility
 J - a potion of ambrosia
 K - 3 potions of haste
Books
 f - a book of Frost
 A - a book of Transfigurations
   (You found it on level 1 of the Lair of Beasts)
Comestibles
 e - 11 rations


   Skills:
 + Level 6.8 Fighting
 - Level 4.0(4.1) Axes
 + Level 0.9(2.2) Polearms
 - Level 6.4 Dodging
 - Level 2.4 Stealth
 + Level 1.1 Shields
 - Level 7.0 Spellcasting
 - Level 6.0 Conjurations
 - Level 4.0 Charms
 - Level 4.1 Summonings
 - Level 7.0 Ice Magic
 + Level 9.2 Invocations


You had 12 spell levels left.
You knew the following spells:

 Your Spells              Type           Power        Failure   Level  Hunger
a - Freeze                Ice            ####         1%          1    None
b - Throw Icicle          Conj/Ice       ####....     21%         4    ###....
c - Summon Ice Beast      Ice/Summ       ####....     32%         4    ###....
A - Ozocubu's Armour      Chrm/Ice       ####....     10%         3    #......


Dungeon Overview and Level Annotations

Branches:
Dungeon (9/15)             Temple (1/1) D:7            Lair (4/6) D:9
 Spider (0/4) Lair:2          Orc (0/2) D:9
  Swamp: Lair:2-4    Shoals: Lair:2-4

Altars:
Ashenzari
Cheibriados
Dithmenos
Elyvilon
Fedhas
Gozag
Hepliaklqana
Kikubaaqudgha
Makhleb
Nemelex Xobeh
Okawaru
Qazlal
Ru
Sif Muna
Trog
Uskayaw
Vehumet
Wu Jian
Xom
Yredelemnul
Zin
The Shining One

Annotations:
D:6 exclusion: quasit
Lair:3 exclusion: 3 oklob plants, Rupert


Innate Abilities, Weirdness & Mutations

You are resistant to damage.
You can heal yourself by infusing magical energy.
You passively map the area around you.
You do not regenerate.


Message History

You completely miss the blink frog. The blink frog closely misses you.
The blink frog completely misses you.
You closely miss the blink frog. You block the blink frog's attack.
You closely miss the blink frog.
The blink frog hits you but does no damage.
You barely miss the blink frog. The blink frog barely misses you.
The blink frog hits you but does no damage.
You puncture the blink frog! You freeze the blink frog.
The blink frog hits you but does no damage.
You miss the blink frog. The blink frog hits you!
The blink frog hits you but does no damage.
You hit the blink frog. You freeze the blink frog. The blink frog hits you.
You hit the blink frog. You freeze the blink frog.
The blink frog barely misses you.
The blink frog blinks!
Your +3 spear of freezing stops glowing.
b - an uncursed staff of cold (weapon)
{rC+} A blink frog is nearby!
The blink frog blinks!
The blink frog blinks!
The blink frog blinks!
The blink frog hits you but does no damage.
Cast which spell? (? or * to list)
Aiming: Freeze
Press: ? - help, Shift-Dir - straight line, f - blink frog
Aim: a blink frog (almost dead)
You feel a surge of power!
You freeze the blink frog.
The blink frog seems to slow down.
The blink frog closely misses you.
Casting: Freeze
Confirm with . or Enter, or press ? or * to list all spells.
Aiming: Freeze
Press: ? - help, Shift-Dir - straight line, f/p - blink frog
Aim: a blink frog (almost dead, slow)
You feel a surge of power!
You freeze the blink frog.
You kill the blink frog!
Makhleb accepts your kill.
Your +3 spear of freezing glows with a cold blue light!
a - a +3 spear of freezing (weapon)
Your magical essence is drained by the effort!
You feel much better.
You start resting.
You climb downwards.
The blink frog completely misses you. The blink frog hits you!
There is a stone staircase leading up, spattered with blood here.
You hit the blink frog. You freeze the blink frog.
You block the blink frog's attack. x2
You barely miss the blink frog. The blink frog hits you.
You hit the blink frog. You freeze the blink frog.
You block the blink frog's attack.
The blink frog blinks!
You closely miss the blink frog.
The blink frog hits you but does no damage.
The blink frog blinks!
You completely miss the blink frog.
The blink frog hits you but does no damage.
You hit the blink frog but do no damage.
The blink frog blinks!
The blink frog blinks!
Attack whom?
Press: ? - help, Dir - move target cursor, f - blink frog
Aim: a blink frog (lightly wounded)
You reach to attack!
You hit the blink frog. You freeze the blink frog. You puncture the blink frog!
The blink frog seems to slow down.
You freeze the blink frog.
The blink frog hits you but does no damage.
You puncture the blink frog! You freeze the blink frog.
The blink frog hits you.
You hit the blink frog.
The blink frog seems to slow down.
You freeze the blink frog.
You kill the blink frog!
Makhleb accepts your kill.
Your Shields skill increases to level 1!
You start waiting.
You are feeling hungry.
The alarm trap emits a blaring wail!
A sentinel's mark forms upon you.
You hear a bellow!
You hear a deafening roar! x2; You hear an angry hiss.
You hear a deafening roar! x2; You hear a bellow!
You hear a deafening roar!
You hear a bellow! x2; You hear a roar!
You hear an angry hiss.
You hear an angry growl.
e - 11 rations (gained 1)
You now have 903 gold pieces (gained 22).
A death yak comes into view.
A hell rat comes into view.
A hell rat comes into view.
A hell rat comes into view.
A porcupine comes into view.
The sentinel's mark upon you fades away.
The death yak gores you!
The death yak snorts and paws the ground.
There is a stone staircase leading up, spattered with blood here.
The death yak barely misses you.
You climb upwards.
Level annotation: exclusion: 3 oklob plants, Rupert
There is a stone staircase leading down, spattered with blood here.
You enter the shallow water.
Moving in this stuff is going to be slow.
The death yak gores you!!
* * * LOW HITPOINT WARNING * * *
The death yak snorts and paws the ground.
The death yak gores you!!
You die...

≈≈P♣♣.......÷.#.###..##.#..#...#
≈≈♣.♣♣.♣..........#####.#.##...#
≈≈.♣..♣.♣..##.#....####.....Y..##
≈≈♣♣♣♣.♣♣...#####..#.#.........P.
≈≈....♣♣.♣.## #...##...##.......
≈≈♣♣♣♣...♣.## ###..#..###...≈...
≈≈).♣.♣♣♣♣..######..#.###...≈≈≈≈≈
≈≈♣♣♣..P.♣.................≈≈≈≈≈≈
≈≈♣....P♣♣......@..........≈≈≈≈≈≈
≈≈♣♣♣.♣♣♣...>..YP..........≈≈≈≈.≈
≈♣.♣.P.♣....#...P..#...##.≈≈≈≈≈>.
≈P♣.♣♣♣..####...#..##.###..≈≈≈≈..
≈..♣♣♣.♣..##....#.....# #..≈≈≈≈≈≈
≈.♣P♣.♣..##.....##....###..≈≈≈≈≈≈
≈.♣.P♣♣♣♣...................≈≈≈≈≈
≈..♣..♣.♣......<.............≈≈≈≈
≈.♣P♣♣♣♣.♣................P....P≈


You could see a death yak.

Vanquished Creatures
  2 hydras (Lair:3)
  An unseen horror (D:9)
  The ghost of marsu the Cruncher, a novice DsGl of Okawaru (D:8)
  An elephant (Lair:3)
  A black mamba (Lair:1)
  5 spiny frogs
  2 polar bears
  Grinder (D:3)
  2 dream sheep (Lair:3)
  2 hippogriffs
  6 blink frogs
  2 yaks
  A human (D:8)
  3 hogs (D:8)
  The ghost of rabbit the Conjurer, an amateur GrCj (D:4)
  Edmund (D:4)
  3 water moccasins
  2 porcupines
  An orc warrior (D:8)
  2 phantoms
  An ice beast (D:7)
  3 sky beasts
  An eye of draining (D:8)
  3 centaurs
  The ghost of blobbo the Insei, an amateur DsTm (D:6)
  2 ogres
  4 crocodiles
  A big kobold (D:8)
  10 bullfrogs
  A gnoll sergeant (D:7)
  3 scorpions
  5 killer bees (D:8)
  An electric eel (Lair:3)
  2 wights (D:5)
  3 howler monkeys
  5 crimson imps
  A bullfrog zombie (D:8)
  4 orc wizards
  2 orc priests
  2 bullfrog skeletons (D:5)
  6 hounds
  4 jellies
  2 iguanas
  10 worker ants
  8 mummies (Ossuary)
  4 gnolls
  A howler monkey skeleton (D:6)
  12 adders
  A shadow imp (D:7)
  3 oozes
  2 adder zombies
  3 worms (D:2)
  6 dart slugs
  6 leopard geckos
  25 orcs
  A ball python (D:3)
  8 giant cockroaches
  6 goblins
  10 hobgoblins
  9 jackals
  6 quokkas
  10 bats
  3 frilled lizards
  A gnoll zombie (Ossuary)
  3 hobgoblin zombies (Ossuary)
  11 kobolds
  A kobold zombie (Ossuary)
  A leopard gecko zombie (D:6)
  3 orc zombies (Ossuary)
  A quokka zombie (D:6)
  2 rats
264 creatures vanquished.

Vanquished Creatures (collateral kills)
  Maurice (D:8)
  A wight (D:5)
2 creatures vanquished.

Vanquished Creatures (others)
  3 fungi
  9 plants
12 creatures vanquished.

Grand Total: 278 creatures vanquished

Notes
Turn   | Place    | Note
-------+----------+-------------------------------------------
     0 | D:1      | RKaid the Deep Dwarf Ice Elementalist began the quest for the Orb.
     0 | D:1      | Reached XP level 1. HP: 15/15 MP: 3/3
   226 | D:1      | Reached skill level 2 in Spellcasting
   259 | D:1      | Reached skill level 3 in Ice Magic
   259 | D:1      | Reached XP level 2. HP: 14/22 MP: 0/5
   948 | D:1      | Reached XP level 3. HP: 25/28 MP: 0/6
  1694 | D:2      | Reached XP level 4. HP: 29/36 MP: 2/8
  1703 | D:2      | Reached skill level 3 in Spellcasting
  2096 | D:2      | Reached skill level 4 in Ice Magic
  2670 | D:3      | HP: 9/36 [poisoned by an orc wizard]
  2685 | D:3      | HP: 7/54 [orc priest/divine providence (10)]
  2703 | D:3      | Reached XP level 5. HP: 42/42 MP: 6/8
  3011 | D:3      | Noticed Grinder
  3015 | D:3      | RKaid: @??grinder
  3015 | D:3      | beem: Grinder (5)
                  | Spd:
    10 | HD: 6    | HP: 33-46
                  | AC/EV: 3/11
                  | Dam: 11(pain)
                  | demonic, items, doors, evil, see invisible
                  | Res: magic(20), cold++, poison, rot, neg+++, torm
                  | Vul: holy, silver
                  | XP: 277
                  | Sp: pain (d14) [!sil], paralyse [!sil], blink [!sil]
                  | Sz: little
                  | Int: human.
  3081 | D:3      | Learned a level 3 spell: Ozocubu's Armour
  3086 | D:3      | Learned a level 4 spell: Throw Icicle
  3148 | D:3      | Paralysed by Grinder for 2 turns
  3155 | D:3      | Paralysed by Grinder for 7 turns
  3188 | D:3      | Killed Grinder
  3188 | D:3      | Reached skill level 4 in Spellcasting
  3188 | D:3      | Reached skill level 1 in Conjurations
  3188 | D:3      | Reached skill level 1 in Charms
  3188 | D:3      | Reached skill level 5 in Ice Magic
  3188 | D:3      | Reached XP level 6. HP: 19/49 MP: 7/9
  3509 | D:4      | Noticed rabbit's ghost (amateur GrCj)
  3719 | D:4      | Reached skill level 2 in Conjurations
  3771 | D:4      | Reached XP level 7. HP: 40/55 MP: 6/10
  3926 | D:4      | Reached skill level 2 in Charms
  4048 | D:4      | Found an ornate altar of the Wu Jian Council.
  4048 | D:4      | Found a blossoming altar of Fedhas.
  4048 | D:4      | Found a stormy altar of Qazlal.
  4059 | D:4      | Found a hide-covered altar of Uskayaw.
  4093 | D:4      | Got a spiked chain mail
  4121 | D:4      | HP: 10/55 [rabbit's ghost/magic dart (5)]
  4488 | D:4      | Killed rabbit's ghost
  4494 | D:4      | HP: 13/55 [poisoned by rabbit's ghost]
  4780 | D:5      | Entered Level 5 of the Dungeon
  5040 | D:4      | Reached skill level 3 in Conjurations
  5267 | D:5      | Noticed Edmund
  5312 | D:4      | Killed Edmund
  5312 | D:4      | Reached skill level 3 in Charms
  5381 | D:5      | Identified the +7 chain mail "Bacakk" {Regen+ Str+5} (You took it off a goblin on level 4 of the Dungeon)
  5559 | D:5      | Reached XP level 8. HP: 42/62 MP: 8/8
  5742 | D:5      | Reached skill level 6 in Ice Magic
  5932 | D:5      | Reached skill level 4 in Conjurations
  6116 | D:5      | Reached skill level 4 in Charms
  6180 | D:5      | Found a shattered altar of Ashenzari.
  6184 | D:5      | Saw a vision of the Swamp and the Spider Nest.
  6184 | D:5      | Noticed an alligator
  6184 | D:5      | Noticed a wolf spider
  6184 | D:5      | Noticed an alligator
  6184 | D:5      | Noticed an alligator
  6185 | D:5      | Noticed a wolf spider
  7074 | D:6      | Noticed blobbo's ghost (amateur DsTm)
  7104 | D:6      | Killed blobbo's ghost
  7104 | D:6      | Reached skill level 5 in Conjurations
  7104 | D:6      | Reached skill level 7 in Ice Magic
  7354 | D:6      | Reached skill level 1 in Fighting
  7682 | D:7      | Reached skill level 3 in Dodging
  7911 | D:7      | Gained mutation: You passively map the area around you. [Deep Dwarf growth]
  7911 | D:7      | Reached XP level 9. HP: 39/70 MP: 0/7
  8092 | D:7      | Reached skill level 2 in Fighting
  8369 | D:7      | Found a staircase to the Ecumenical Temple.
  8407 | Temple   | Entered the Ecumenical Temple
  8510 | Temple   | Became a worshipper of Makhleb the Destroyer
  8759 | D:7      | Reached skill level 4 in Dodging
  9313 | D:6      | Reached skill level 6 in Conjurations
  9457 | D:8      | Found a sand-covered staircase.
  9464 | Ossuary  | Entered an ossuary
  9895 | Ossuary  | Reached * piety under Makhleb
  9911 | Ossuary  | Learned a level 4 spell: Summon Ice Beast
 10088 | D:8      | Noticed marsu's ghost (novice DsGl)
 10211 | D:8      | Reached skill level 3 in Fighting
 10357 | D:8      | HP: 18/75 [marsu's ghost (9)]
 10359 | D:8      | Killed marsu's ghost
 10359 | D:8      | Reached skill level 5 in Dodging
 10359 | D:8      | Reached skill level 1 in Summonings
 10678 | D:8      | Reached skill level 2 in Summonings
 10731 | D:8      | Reached skill level 5 in Spellcasting
 10941 | D:8      | Found a burning altar of Makhleb.
 11172 | D:8      | Reached skill level 4 in Fighting
 11355 | D:8      | Reached XP level 10. HP: 51/85 MP: 3/9
 11562 | D:8      | Reached skill level 6 in Dodging
 11562 | D:8      | Reached skill level 3 in Summonings
 11765 | D:8      | Noticed Maurice
 13031 | D:8      | Found a burning altar of Makhleb.
 13749 | D:8      | Found a burning altar of Makhleb.
 14245 | D:8      | Found a burning altar of Makhleb.
 14950 | D:8      | Found a burning altar of Makhleb.
 15959 | D:8      | Found a burning altar of Makhleb.
 16795 | D:8      | Found a burning altar of Makhleb.
 17626 | D:8      | Found a burning altar of Makhleb.
 18053 | D:8      | Reached skill level 1 in Invocations
 18173 | D:9      | Reached skill level 2 in Invocations
 18370 | D:9      | Found a staircase to the Lair.
 18434 | D:9      | Reached skill level 5 in Fighting
 18486 | D:9      | Found a staircase to the Orcish Mines.
 18943 | D:8      | Killed Maurice
 18943 | D:8      | Reached skill level 3 in Invocations
 19029 | D:8      | Found a burning altar of Makhleb.
 19122 | Lair:1   | Entered Level 1 of the Lair of Beasts
 19434 | Lair:1   | Noticed a spiny frog
 19466 | Lair:1   | Killed a spiny frog
 19466 | Lair:1   | Reached skill level 6 in Spellcasting
 19466 | Lair:1   | Reached skill level 4 in Summonings
 19466 | Lair:1   | Reached skill level 4 in Invocations
 19536 | Lair:1   | Noticed a spiny frog
 19555 | Lair:1   | Killed a spiny frog
 19854 | Lair:1   | Noticed a black mamba
 19874 | Lair:1   | Killed a black mamba
 19874 | Lair:1   | Reached skill level 5 in Invocations
 20175 | Lair:1   | Got a warped battleaxe
 20176 | Lair:1   | Identified the +3 battleaxe of Termination {flame, Str+4} (You found it on level 1 of the Lair of Beasts)
 20473 | Lair:2   | Reached skill level 6 in Invocations
 20613 | Lair:2   | Found a hole to the Spider Nest.
 21311 | Lair:3   | Noticed Rupert
 21350 | Lair:3   | Reached XP level 11. HP: 34/97 MP: 1/9
 21457 | Lair:3   | Reached skill level 1 in Axes
 21526 | Lair:3   | Noticed a five-headed hydra
 21563 | Lair:3   | HP: 23/97 [three-headed hydra (11)]
 21569 | Lair:3   | Killed a one-headed hydra
 21688 | Lair:3   | Noticed an oklob plant
 21688 | Lair:3   | Noticed an oklob plant
 21688 | Lair:3   | Noticed an oklob plant
 21748 | Lair:3   | Reached skill level 7 in Invocations
 21755 | Lair:3   | Reached skill level 6 in Fighting
 21755 | Lair:3   | Reached skill level 2 in Axes
 21930 | Lair:3   | HP: 22/97 [blink frog (8)]
 22012 | Lair:3   | HP: 24/97 [spiny frog (2)]
 22022 | Lair:3   | Noticed a four-headed hydra
 22094 | Lair:3   | HP: 12/97 [four-headed hydra (14)]
 22103 | Lair:3   | HP: 20/97 [two-headed hydra (6)]
 22106 | Lair:3   | Killed a one-headed hydra
 22260 | D:9      | Killed an unseen horror
 22260 | D:9      | Reached skill level 3 in Axes
 22260 | D:9      | Reached skill level 8 in Invocations
 22851 | Lair:3   | Reached skill level 7 in Spellcasting
 23033 | Lair:3   | HP: 17/99 [spiny frog (14)]
 23040 | Lair:3   | HP: 20/99 [spiny frog (8)]
 23107 | Lair:2   | Reached skill level 9 in Invocations
 23404 | Lair:4   | Reached skill level 4 in Axes
 23504 | Lair:4   | HP: 21/99 [water moccasin (9)]
 23926 | Lair:3   | HP: 20/99 [blink frog (10)]
 23996 | Lair:4   | Reached skill level 1 in Shields
 24066 | Lair:4   | Noticed a death yak
 24085 | Lair:3   | HP: 22/99 [death yak (20)]
 24104 | Lair:3   | Slain by a death yak

Skill      XL: |  1  2  3  4  5  6  7  8  9 10 11 |
---------------+----------------------------------+-----
Spellcasting   | 2 3 4 5 6 7 |  7.0
Ice Magic      | 3 4 5 7 |  7.0
Conjurations   | 1 2 3 5 6 |  6.0
Charms         | 1 3 4 |  4.0
Fighting       | 1 4 5 6 |  6.8
Dodging        | 3 5 6 |  6.4
Summonings     | 2 4 |  4.1
Invocations    | 6 9 |  9.2
Axes           | 4 |  4.0
Shields        | 1 |  1.1
Polearms       | |  0.9
Stealth        | |  2.4

Action                   |  1- 3 |  4- 6 |  7- 9 | 10-12 || total
-------------------------+-------+-------+-------+-------++-------
Melee: Dagger            |    14 |    54 |    19 |       ||    87
       Hand axe          |       |       |    75 |    39 ||   114
       Spear             |       |       |   254 |    86 ||   340
       Short sword       |       |       |       |    85 ||    85
       Staff             |       |       |       |    61 ||    61
       Battleaxe         |       |       |       |   116 ||   116
 Fire: Hunting sling     |    41 |   143 |   106 |     7 ||   297
 Cast: Freeze            |    32 |    41 |   177 |   169 ||   419
       Ozocubu's Armour  |       |     1 |     9 |    16 ||    26
       Throw Icicle      |       |       |     7 |    20 ||    27
       Summon Ice Beast  |       |       |       |     4 ||     4
 Abil: Heal Wounds       |     1 |     5 |    14 |    49 ||    69
Evoke: Wand              |       |       |    23 |    15 ||    38
  Use: Potion            |       |     3 |     2 |     3 ||     8
       Scroll            |       |       |    18 |    11 ||    29
 Stab: Sleeping          |     2 |       |     3 |     1 ||     6
       Distracted        |       |       |     2 |       ||     2
  Eat: Chunk             |     3 |     5 |    13 |     7 ||    28
       Ration            |       |     1 |     3 |    11 ||    15
Armor: Robe              |     5 |    12 |   133 |   234 ||   384
       Skin              |       |    35 |       |       ||    35
       Scale mail        |       |       |       |    26 ||    26
Dodge: Dodged            |    15 |    40 |   336 |   406 ||   797
Block: Buckler           |       |       |       |     7 ||     7

Table legend:
 A = Turns spent in this place as a percentage of turns spent in the entire game.
 B = Non-inter-level travel turns spent in this place as a percentage of non-inter-level travel turns spent in the entire game.
 C = Inter-level travel turns spent in this place as a percentage of turns spent in this place.
 D = Turns resting spent in this place as a percentage of non-inter-level travel turns spent in this place.
 E = Turns spent auto-exploring this place as a percentage of non-inter-level travel turns spent in this place.
 F = Non-inter-level travel turns spent in this place divided by the number of levels of this place that you've seen.
                   A       B       C       D       E      F
               +-------+-------+-------+-------+-------+----------------------
         Total | 100.0 | 100.0 |   5.2 |  24.9 |  52.7 | 1523.3
       Dungeon |  76.7 |  77.8 |   3.9 |  24.1 |  56.0 | 1974.6
        Temple |   1.2 |   1.0 |  17.2 |   0.0 |  92.6 | 231.0
          Lair |  19.7 |  18.6 |  10.4 |  28.0 |  43.7 | 1061.2
       Ossuary |   2.5 |   2.6 |   0.0 |  38.5 |   4.5 | 602.0
               +-------+-------+-------+-------+-------+----------------------

Table legend:
 A = Kills in this place as a percentage of kills in entire the game.
 B = Kills by you in this place as a percentage of kills by you in the entire game.
 C = Kills by friends in this place as a percentage of kills by friends in the entire game.
 D = Other kills in this place as a percentage of other kills in the entire game.
 E = Experience gained in this place as a percentage of experience gained in the entire game.
 F = Experience gained in this place divided by the number of levels of this place that you have seen.
                   A       B       C       D       E      F
               +-------+-------+-------+-------+-------+----------------------
         Total | 100.0 | 100.0 | 100.0 |   N/A | 100.0 | 1235.7
       Dungeon |  81.2 |  81.1 | 100.0 |   N/A |  48.1 | 990.6
          Lair |  12.8 |  12.9 |   0.0 |   N/A |  51.1 | 2367.2
       Ossuary |   6.0 |   6.1 |   0.0 |   N/A |   0.8 | 152.0
               +-------+-------+-------+-------+-------+----------------------
